 Dungeon Crawl Stone Soup version 0.31.0-9-g3a7656b989 (webtiles) character file.

Game seed: 16783955144651627334

224 Doomgape the Conjurer (level 6, -1/32 (36) HPs)
             Began as a Gargoyle Reaver on Feb 3, 2024.
             Slain by a gnoll
             ... wielding a +0 spear
              (3 damage)
             ... on level 2 of the Dungeon.
             The game lasted 00:06:31 (1826 turns).

Doomgape the Conjurer (Gargoyle Reaver)             Turns: 1826, Time: 00:06:32

HP:   -1/32 (36)    AC:  7    Str: 16    XL:     6   Next: 0%
MP:   9/11          EV: 11    Int: 15    God:
Gold: 81            SH:  0    Dex:  8    Spells: 10/11 levels left

rFire   . . .        a - +0 mace
rCold   . . .        (no shield)
rNeg    + . .        b - +0 leather armour
rPois   ∞            (no helmet)
rElec   +            (no cloak)
rCorr   .            (no gloves)
SInv    .            (no boots)
Will    .....        (no amulet)
Stlth   +            g - +5 ring of evasion
HPRegen 0.25/turn    (no ring)
MPRegen 0.12/turn

%: no passive effects
@: held, heavily drained
A: sickness immunity, AC +4, negative energy resistance 1, electricity
resistance, torment resistance 1, petrification resistance
a: no special abilities


You were on level 2 of the Dungeon.
You visited 1 branch of the dungeon, and saw 2 of its levels.

You collected 81 gold pieces.

Inventory:

Hand Weapons
 a - a +0 mace (weapon)
Armour
 b - a +0 leather armour (worn)
Jewellery
 g - a +5 ring of evasion (left hand)
Scrolls
 c - a scroll of amnesia {unknown}
 f - a scroll of teleportation {unknown}


   Skills:
 - Level 2.4 Fighting
 + Level 4.4 Maces & Flails
 - Level 1.5 Dodging
 + Level 3.4 Spellcasting
 + Level 4.8 Conjurations


You had 10 spell levels left.
You knew the following spells:

 Your Spells              Type           Power      Damage    Failure   Level
a - Kiss of Death         Conj/Necr      36%        2d8       9%          1

Your spell library contained the following spells:

 Spells                   Type           Power      Damage    Failure   Level
 Momentum Strike          Conj/Tloc      18%        3d8       13%         2
 Hailstorm                Conj/Ice       9%         3d6       26%         3


Dungeon Overview and Level Annotations

Branches:
Dungeon (2/15)

Altars:


Innate Abilities, Weirdness & Mutations

You are immune to sickness and miasma.
Your stone body is resilient. (AC +4)
You are immune to poison.
You resist negative energy. (rN+)
You are resistant to electric shocks. (rElec)
You are resistant to unholy torment.
You are immune to petrification.


Message History

The gnoll is severely wounded.
The gnoll barely misses you. The gnoll closely misses you.
The gnoll barely misses you.
You closely miss the gnoll.
The gnoll is severely wounded.
The gnoll closely misses you. The gnoll barely misses you.
Casting: Kiss of Death (safe; 9% risk of failure)
Confirm with . or Enter, or press ? or * to list all spells.
Aiming: Kiss of Death (safe; 9% risk of failure)
Press: ? - help, Shift-Dir - straight line, f - gnoll
Aim: a gnoll, wielding a +0 club (severely wounded, 100% to hit)
The negative energy hits the gnoll.
The gnoll is drained!
You kill the gnoll!
You feel drained.
The gnoll hits you from afar with a +0 spear.
The gnoll closely misses you. The ball python barely misses you.
The ball python completely misses you.
You have reached level 6!
You hit the ball python.
You kill the ball python!
The gnoll throws a throwing net.
The throwing net closely misses you. The gnoll misses you.
The gnoll throws a throwing net.
The throwing net hits you.
You become entangled in the net!
The gnoll throws a stone.
The stone hits you but does no damage. The gnoll hits you but does no damage.
You struggle against the net.
The gnoll hits you from afar with a +2 heavy spear!
* * * LOW HITPOINT WARNING * * *
The gnoll hits you but does no damage.
The gnoll hits you from afar with a +0 spear.
* * * LOW HITPOINT WARNING * * *
You struggle against the net.
The gnoll hits you from afar with a +0 spear.
* * * LOW HITPOINT WARNING * * *
The gnoll closely misses you. The gnoll barely misses you.
You struggle against the net.
The gnoll hits you from afar with a +0 spear.
* * * LOW HITPOINT WARNING * * *
The gnoll hits you from afar with a +0 spear.
You die... ........# .......# ......# .....# ..g.# ggg

#)# #@# #.#
#.# #.# #.#
#.# #.# #.#
#.# #.# #(#
#.# #.#
###.###.###.#
............#


You could see 3 gnolls and a goblin.

Vanquished Creatures
  Sigmund (D:2)
  A gnoll (D:2)
  3 adders (D:2)
  A dart slug (D:1)
  2 bats
  An endoplasm (D:2)
  7 hobgoblins
  A kobold (D:1)
  2 quokkas (D:1)
  4 ball pythons
  2 frilled lizards
  3 goblins
  2 rats
30 creatures vanquished.

Notes
Turn   | Place    | Note
-------+----------+-------------------------------------------
     0 | D:1      | Doomgape the Gargoyle Reaver began the quest for the Orb.
     0 | D:1      | Reached XP level 1. HP: 12/12 MP: 3/3
   510 | D:1      | Reached XP level 2. HP: 13/13 MP: 1/5
  1391 | D:2      | Reached XP level 3. HP: 13/13 MP: 6/6
  1583 | D:2      | Noticed Sigmund
  1629 | D:2      | Killed Sigmund
  1630 | D:2      | Reached XP level 4. HP: 7/27 MP: 3/9
  1630 | D:2      | Reached XP level 5. HP: 8/31 MP: 3/10
  1823 | D:2      | Reached XP level 6. HP: 14/32 MP: 9/11
  1826 | D:2      | Slain by a gnoll

Illustrated notes

Levels and vault maps discovered:
D:1:      dpeg_arrival_morbid_curiosity, layout_loops_corners
D:2:      layout_basic, uniq_sigmund

Skill      XL: |  1  2  3 |
---------------+----------+-----
Maces & Flails | 4 |  4.4
Spellcasting   | 3 |  3.4
Conjurations   | 4 |  4.8
Fighting       | |  2.4
Dodging        | |  1.5

Action                     |  1- 3 |  4- 6 || total
---------------------------+-------+-------++-------
  Melee: Mace              |    87 |     9 ||    96
         Punch             |     1 |       ||     1
   Cast: Kiss of Death     |     7 |     1 ||     8
    Use: Potion            |     2 |       ||     2
 Armour: Leather armour    |    47 |    15 ||    62
  Dodge: Dodged            |    77 |    24 ||   101
